Map: Nightshade LE

Players

Vanya

  • Race: Zerg Zerg
  • League: Master
  • Spawn Location: 5:00

Serral - Winner!

  • Race: Zerg Zerg
  • League: Grandmaster
  • Spawn Location: 11:00

Event: Shopify TSL 5

VOD

Have the link to the VOD?

Description

Time

  • Played on: May 23, 2020, 1:53 p.m.
  • Length: 12:06

All games in this series

Show
View Real Time Build Order
Export as new Build Order

Vanya Zerg 

Build Orders: Pool First 

Get SALT Encoding   

  12  0:00  Drone  
  13  0:12  Overlord  
  13  0:16  Drone  
  14  0:31  Drone x2  
  16  0:40  Spawning Pool  
  15  0:43  Drone  
  15  0:47  Drone  
  17  1:09  Extractor, Hatchery  
  15  1:12  Drone  
  15  1:15  Drone  
  17  1:18  Drone  
  18  1:28  Queen  
  18  1:31  Drone  
  21  1:39  Overlord  
  21  1:49  Drone  
  22  2:00  Drone  
  23  2:03  Queen  
  25  2:10  Drone  
  26  2:21  Queen  
  26  2:22  Drone x2  
  30  2:32  Drone, Overlord  
  31  2:39  Drone x3  
  34  2:48  Drone  
  35  2:55  Drone x2  
  35  2:57  Extractor  
  35  2:58  Extractor, Drone  
  37  3:04  Drone  
  37  3:05  Metabolic Boost  
  37  3:11  Evolution Chamber  
  36  3:14  Drone  
  36  3:17  Drone x2  
  39  3:23  Roach Warren  
  39  3:26  Baneling Nest  
  37  3:30  Drone  
  37  3:33  Zergling x2, Overlord  
  37  3:34  Zergling x6  
  42  3:36  Zergling x2  
  43  3:45  Zergling x2  
  44  3:52  Zergling x10  
  49  4:00  Zergling x2  
  50  4:04  Zergling x4  
  50  4:08  Overlord  
  52  4:11  Overlord  
  52  4:26  Zergling x12  
  58  4:33  Zergling x6  
  58  4:36  Baneling x5  
  58  4:37  Baneling  
  61  4:42  Hatchery  
  59  4:46  Zergling x8  
  59  4:51  Zergling x6  
  65  4:58  Zergling x2  
  60  5:05  Zergling x2  
  60  5:06  Zergling x4  
  58  5:08  Lair  
  58  5:11  Zergling x4  
  58  5:13  Zerg Melee Weapons Level 1  
  60  5:18  Drone  
  61  5:21  Drone  
  61  5:26  Extractor  
  61  5:30  Drone  
  61  5:31  Drone  
  63  5:38  Overlord  
  63  5:39  Drone x5  
  68  5:57  Drone x5  
  73  6:07  Drone x5, Spire  
  77  6:12  Extractor  
  77  6:16  Drone  
  77  6:17  Drone x2  
  79  6:18  Drone  
  79  6:20  Overlord  
  79  6:25  Overlord  
  80  6:33  Extractor, Drone x2  
  80  6:34  Drone  
  80  6:38  Overseer  
  82  6:57  Spore Crawler  
  82  6:58  Spore Crawler  
  82  6:59  Spore Crawler  
  77  7:20  Mutalisk x13  
  97  7:26  Overlord  
  97  7:34  Zerg Flyer Armor Level 1  
  97  7:38  Overlord  
  97  7:39  Overlord  
  97  7:45  Overlord  
  97  7:54  Overlord  
  97  7:58  Mutalisk  
  97  7:59  Mutalisk x2  
  97  8:00  Drone x2  
  97  8:03  Overlord  
  105  8:07  Mutalisk  
  107  8:13  Mutalisk  
  107  8:16  Mutalisk  
  107  8:19  Mutalisk  
  109  8:25  Mutalisk  
  113  8:31  Mutalisk  
  115  8:35  Queen, Overlord  
  115  8:39  Mutalisk  
  119  8:44  Mutalisk  
  121  8:53  Mutalisk  
  123  8:56  Mutalisk  
  123  8:57  Overlord  
  123  9:00  Drone x3  
  123  9:02  Drone  
  129  9:06  Mutalisk  
  129  9:08  Mutalisk  
  133  9:17  Mutalisk  
  133  9:22  Mutalisk  
  131  9:26  Mutalisk  
  131  9:27  Overlord  
  126  9:32  Mutalisk  
  117  9:44  Mutalisk  
  112  9:57  Mutalisk x3  
  109  10:03  Hatchery  
  109  10:04  Mutalisk  
  94  10:08  Zergling x20  
  94  10:16  Mutalisk x2  
  96  10:22  Mutalisk  
  96  10:26  Zergling x8  
  89  10:39  Mutalisk x2  
  83  10:48  Drone x6  
  81  10:56  Mutalisk x2  
  83  11:03  Zergling x12  
  83  11:07  Mutalisk  
  84  11:15  Mutalisk  
  86  11:18  Mutalisk  
  86  11:24  Drone  
  86  11:25  Drone x3  
  92  11:35  Mutalisk x2  
  96  11:41  Zergling x8  
  96  11:44  Drone x2  
Show
View Real Time Build Order
Export as new Build Order

Serral Zerg - Winner!

Build Orders: Hatch First 

Get SALT Encoding   

  12  0:00  Drone  
  13  0:12  Overlord  
  13  0:17  Drone  
  14  0:30  Drone x2  
  16  0:47  Hatchery  
  15  0:50  Drone  
  15  0:54  Drone  
  17  0:57  Drone  
  18  1:08  Extractor  
  17  1:12  Spawning Pool  
  17  1:15  Drone  
  18  1:18  Drone  
  18  1:27  Drone  
  19  1:38  Drone  
  20  1:49  Drone  
  21  1:59  Queen x2  
  21  2:00  Zergling x2, Overlord  
  26  2:13  Zergling x4  
  28  2:31  Baneling Nest  
  28  2:33  Drone x3  
  30  2:38  Overlord  
  30  2:49  Drone x2  
  32  2:56  Drone x2  
  34  3:06  Drone x2, Hatchery  
  34  3:07  Evolution Chamber  
  34  3:09  Drone  
  34  3:11  Drone  
  36  3:14  Drone  
  36  3:19  Drone x3  
  40  3:21  Overlord  
  40  3:28  Drone  
  40  3:29  Roach Warren  
  40  3:31  Drone  
  41  3:40  Drone x3  
  44  3:46  Drone x2  
  44  3:47  Drone  
  44  3:48  Extractor  
  46  3:49  Extractor, Drone  
  46  3:51  Drone  
  47  3:58  Lair  
  47  3:59  Overlord  
  47  4:06  Drone x2  
  49  4:10  Drone  
  49  4:11  Drone x2  
  49  4:15  Overlord  
  49  4:16  Overlord  
  52  4:19  Drone x2  
  53  4:27  Extractor  
  53  4:31  Evolution Chamber  
  51  4:32  Evolution Chamber, Roach  
  51  4:33  Roach x2  
  51  4:34  Roach  
  58  4:39  Evolution Chamber  
  58  4:41  Roach  
  58  4:44  Roach x3  
  58  4:45  Roach  
  67  4:49  Evolution Chamber  
  66  4:53  Evolution Chamber  
  66  4:59  Roach x2  
  67  5:00  Ravager  
  67  5:01  Roach  
  67  5:02  Roach  
  68  5:07  Evolution Chamber  
  68  5:12  Spire  
  66  5:16  Overlord  
  66  5:22  Queen  
  66  5:26  Glial Reconstitution  
  66  5:27  Drone  
  66  5:28  Drone x2  
  71  5:33  Zerg Missile Weapons Level 1  
  71  5:39  Overseer  
  71  5:40  Overlord  
  71  5:41  Overlord  
  71  5:44  Evolution Chamber  
  71  5:48  Roach  
  72  5:51  Roach  
  72  5:52  Roach  
  72  5:56  Roach  
  72  5:57  Roach  
  80  6:02  Overlord  
  80  6:07  Drone  
  82  6:25  Mutalisk x5  
  84  6:31  Mutalisk  
  94  6:39  Hatchery  
  93  6:41  Mutalisk  
  95  6:49  Mutalisk  
  97  6:58  Extractor, Drone x7  
  103  7:02  Zerg Flyer Armor Level 1  
  103  7:11  Overlord  
  103  7:12  Extractor  
  102  7:17  Mutalisk  
  102  7:18  Overlord  
  102  7:20  Drone x4  
  106  7:28  Mutalisk  
  108  7:33  Mutalisk  
  110  7:38  Hatchery  
  110  7:40  Mutalisk  
  110  7:42  Overlord  
  111  7:46  Mutalisk  
  113  7:54  Overlord  
  113  7:59  Spore Crawler  
  113  8:00  Mutalisk  
  113  8:01  Mutalisk  
  116  8:07  Mutalisk  
  116  8:09  Drone x4  
  122  8:16  Mutalisk  
  122  8:19  Drone x3  
  128  8:20  Drone  
  128  8:25  Overlord x2  
  128  8:29  Extractor  
  128  8:32  Overlord  
  127  8:34  Extractor  
  127  8:36  Overlord  
  126  8:43  Overlord  
  126  8:44  Mutalisk x2  
  130  8:51  Mutalisk x3  
  130  8:52  Mutalisk  
  138  8:58  Overlord x2  
  138  9:06  Mutalisk x2  
  142  9:12  Overlord  
  142  9:17  Mutalisk x2  
  142  9:27  Mutalisk x2  
  135  9:44  Mutalisk x3  
  139  9:53  Mutalisk  
  139  9:58  Mutalisk  
  135  10:05  Mutalisk  
  121  10:13  Mutalisk x2  
  109  10:20  Mutalisk x2  
  115  10:22  Mutalisk  
  115  10:26  Drone x4  
  107  10:42  Mutalisk  
  107  10:43  Mutalisk x3  
  109  10:51  Mutalisk x2  
  109  10:54  Mutalisk  
  111  11:00  Mutalisk  
  105  11:05  Mutalisk  
  105  11:08  Mutalisk  
  99  11:11  Mutalisk  
  99  11:18  Mutalisk  
  101  11:19  Zergling x6  
  101  11:20  Zergling x4  
  108  11:27  Mutalisk x2  
  112  11:38  Zergling x6  
  112  11:39  Zergling x2  
  116  11:42  Mutalisk  
Tags
 
Add a new tag
Caveats
  • Supply blocks, unpowered buildings, or Contaminate may cause inaccurate times.
  • Supply counts are checked every 10 seconds.